 Dungeon Crawl Stone Soup version 0.19.0-19-g8c6edcc (webtiles) character file.

221 Lochraine the Skirmisher (level 5, 0/42 HPs)
             Began as a Demonspawn Abyssal Knight on Nov 12, 2016.
             Was a Believer of Lugonu.
             Succumbed to a killer bee's poison
             ... on level 3 of the Dungeon.
             The game lasted 00:07:15 (3372 turns).

Lochraine the Skirmisher (DsAK)                     Turns: 3372, Time: 00:07:16

Health: 0/42       AC:  8    Str: 13    XL:     5   Next: 65%
Magic:  7/7        EV: 10    Int: 14    God:    Lugonu [**....]
Gold:   154        SH:  0    Dex: 12    Spells: 0 memorised, 4 levels left

rFire  . . .     SeeInvis .     b - +2 hunting sling (flame)
rCold  . . .     Gourm    .     i - +0 scale mail
rNeg   . . .     Faith    .     (no shield)
rPois  .         Spirit   .     (no helmet)
rElec  .         Reflect  .     (no cloak)
rCorr  .         Harm     .     (no gloves)
MR     .....                    (no boots)
Stlth  ..........               (no amulet)
                                (no ring)
                                (no ring)

@: lethally poisoned (0 -> -13)
A: molten scales 1, demonic guardian 1
a: Depart the Abyss, Bend Space, Renounce Religion


You were on level 3 of the Dungeon.
You worshipped Lugonu.
Lugonu was pleased with you.
You were not hungry.

You visited 1 branch of the dungeon, and saw 3 of its levels.
You visited the Abyss 1 time.

You collected 154 gold pieces.

Inventory:

Hand Weapons
 a - a +1 hand axe
 b - a +2 hunting sling of flaming (weapon)
Missiles
 q - 39 stones (quivered)
 r - 22 sling bullets
Armour
 i - a +0 scale mail (worn)
 p - a +0 leather armour
Wands
 s - a wand of slowing (31/48)
Scrolls
 d - 2 scrolls of fog {unknown}
 f - a scroll of enchant weapon {unknown}
 g - 2 scrolls of remove curse
 h - 2 scrolls of recharging
 j - a scroll of blinking {unknown}
 k - a scroll of identify {unknown}
Potions
 e - 3 potions of curing
 m - a potion of heal wounds {unknown}
 o - a potion of degeneration {unknown}
 t - a potion of berserk rage {unknown}
 u - a potion of flight {unknown}
Comestibles
 c - 3 bread rations
 n - a beef jerky


   Skills:
 + Level 3.8 Fighting
 * Level 3.3 Axes
 + Level 3.0 Armour
 + Level 2.3 Dodging
 - Level 3.0 Invocations


You had 4 spell levels left.
You didn't know any spells.

Dungeon Overview and Level Annotations

Branches:
Dungeon (3/15)

Altars:
Cheibriados
Yredelemnul
The Shining One


Innate Abilities, Weirdness & Mutations

You are partially covered in molten scales. (AC +2)
A weak demonic guardian rushes to your aid.


Message History

Press: ? - help, Shift-Dir - straight line, f/p - killer bee
Aim: a killer bee (heavily wounded)
You shoot a stone. The stone misses the killer bee.
You feel sick.
The killer bee stings you but does no damage.
The killer bee barely misses you. x2
* * * LOW HITPOINT WARNING * * *
You feel sick.
* * * LOW HITPOINT WARNING * * *
You feel sick.
The killer bee stings you but does no damage.
The killer bee stings you.
* * * LOW HITPOINT WARNING * * *
The killer bee closely misses you.
* * * LOW HITPOINT WARNING * * *
You feel sick.
The killer bee barely misses your quasit.
The killer bee stings you.
* * * LOW HITPOINT WARNING * * *
The killer bee misses your quasit.
You die...

...........###.# . #
#......[...
...........# #.##..#
#..........
...........#
#.#(#.#.##..........
...........#
#.#(...((.(...†.....
....÷......# #.#y#
.#...........
...........#
#.yy##..#..........<
...........#
###y5...#...........
...........#
#.###.#...........
...........# #@#
#...........
..########## #.#
#........... ..# #.#
#.###....... ..# #.#
..# #.. ..# ### ..#
..# ..#


You could see 4 killer bees and a friendly quasit.

Vanquished Creatures
  Natasha (twice) (D:2)
  5 adders
  4 oozes
  3 worms
  2 dart slugs
  2 leopard geckos
  An orc (D:3)
  4 giant cockroaches
  9 goblins
  7 hobgoblins
  8 jackals
  9 kobolds
  A quokka (D:3)
  7 bats
  5 frilled lizards
  13 rats
82 creatures vanquished.

Vanquished Creatures (collateral kills)
  Natasha (D:2)
1 creature vanquished.

Grand Total: 83 creatures vanquished

Notes
Turn   | Place    | Note
-------+----------+-------------------------------------------
     0 | Abyss:1  | Lochraine the Demonspawn Abyssal Knight began the quest for the Orb.
     0 | Abyss:1  | Reached XP level 1. HP: 18/18 MP: 2/2
    97 | Abyss:1  | Noticed an angel
    99 | Abyss:1  | Noticed a fire bat
   118 | Abyss:1  | Noticed an orange demon
   122 | Abyss:1  | Noticed a small abomination
   126 | D:1      | Escaped the Abyss
   129 | D:1      | Noticed a spriggan
   129 | D:1      | Noticed an elf
   131 | D:1      | Noticed a merfolk
   131 | D:1      | Noticed a vampire
   133 | D:1      | Noticed a minotaur
   133 | D:1      | Noticed an ogre
   135 | D:1      | Noticed a formicid
   135 | D:1      | Noticed a halfling
   137 | D:1      | Noticed a draconian
   137 | D:1      | Noticed a gargoyle
   139 | D:1      | Noticed a human
   139 | D:1      | Noticed a troll
   141 | D:1      | Noticed a vine stalker
   141 | D:1      | Noticed a ghoul
   143 | D:1      | Noticed a felid
   145 | D:1      | Noticed a centaur
   147 | D:1      | Noticed a tengu
   147 | D:1      | Noticed an octopode
   149 | D:1      | Noticed a demigod
   149 | D:1      | Noticed a naga
   153 | D:1      | Noticed a demonspawn
   153 | D:1      | Noticed a dwarf
   190 | D:1      | Reached skill level 1 in Dodging
   346 | D:1      | Gained mutation: A weak demonic guardian rushes to your aid. [demonic ancestry]
   346 | D:1      | Reached XP level 2. HP: 18/24 MP: 4/4
   516 | D:1      | Reached * piety under Lugonu
   716 | D:1      | Gained mutation: You are partially covered in molten scales. (AC +2) [demonic ancestry]
   716 | D:1      | Reached XP level 3. HP: 21/29 MP: 5/5
  1536 | D:2      | Noticed Natasha
  1544 | D:2      | Killed Natasha
  1544 | D:2      | Reached XP level 4. HP: 20/35 MP: 6/6
  1843 | D:2      | Reached ** piety under Lugonu
  2190 | D:2      | Found a glowing golden altar of the Shining One.
  2201 | D:2      | Noticed an angel
  2307 | D:2      | Found a basalt altar of Yredelemnul.
  2309 | D:2      | Noticed a profane servitor
  2484 | D:2      | Noticed Natasha
  2489 | D:2      | Killed Natasha
  2489 | D:2      | Reached XP level 5. HP: 42/42 MP: 7/7
  2654 | D:2      | Noticed Natasha
  2658 | D:2      | Killed Natasha
  2701 | D:3      | Found a snail-covered altar of Cheibriados.
  3371 | D:3      | HP: 2/42 [killer bee (5)]
  3372 | D:3      | Succumbed to a killer bee's poison

Skill      XL: |  1  2  3  4  5 |
---------------+----------------+-----
Axes           | 2 3 |  3.3
Dodging        | 1 2 |  2.3
Armour         | 2 3 |  3.0
Invocations    | 3 |  3.0
Fighting       | |  3.8

Action                   |  1- 3 |  4- 6 || total
-------------------------+-------+-------++-------
Melee: Hand axe          |   162 |    57 ||   219
 Fire: Hunting sling     |       |    84 ||    84
Invok: Depart the Abyss  |     1 |       ||     1
  Use: Scroll            |     3 |       ||     3
       Potion            |     1 |       ||     1
 Stab: Sleeping          |     1 |       ||     1
  Eat: Chunk             |     2 |     6 ||     8
Armor: Leather armour    |     7 |       ||     7
       Scale mail        |    59 |    50 ||   109
Dodge: Dodged            |    94 |    44 ||   138
